← All builds
Geo sea / Legion / Economy first / OBSERVED BUILD

Standard geo sea

Legion Geo sea build order · Supreme Isthmus

The role's baseline: bot lab reclaimed for metal, shipyard built in the cove, Syracusia and Geothermal Powerplant on normal timing, transitioning into Argonaut and other naval units to contest the sea for the rest of the game.

Usually shipyard in the cove (94%) · geo on time (61%)

#naval #eco · 61 distinct matches · 29 players · 72% of Legion Geo sea games · team won 50% of 62 · Recently observed

HOW TO PLAY IT

Key timing: Shipyard by 3:06

  1. Open with mex and solar, then put down Legion Bot Lab for reclaim.
  2. Build Legion Bot Lab early, planning to eat it for metal.
  3. Build shipyard and reclaim the bot lab into the sea economy.
  4. Eat the Legion Bot Lab at 3:12 to fund early sea units.
  5. Add Syracusia then geothermal, transition into Argonaut-led sea army.

Phase by phase

TYPICAL OF ITS 61 GAMES
  1. 1
  2. 2
  3. 3
  4. 4
PLAY THE OPENING

Follow the example game's first 6:00 step by step: what to build now, what comes next, and where it goes. At 1× it keeps pace with your own game.

  1. 1

    Up to the Legion Bot Lab

    Economy
    • Metal Extractor3Mex
    • Wind Turbine3Wind
    Order
    1. Legion Bot LabLegion Bot Lab after 3 mex, 3 winddone ~1:12, middle half 1:05–1:26

    Some games also: wind for allies (40%)

    By 0:55 in all: 3 mex · 3 wind

    The example game in this phase · 3 steps
    1. Mex ×3
    2. Wind ×4
    3. Legion Bot LabLegion Bot Labdone 1:20 · typical 1:12
  2. 2

    Legion Bot Lab to Shipyard

    Economy
    • Metal Extractor1Mex
    Order
    1. ShipyardShipyard after 4 mex, 4 wind, 1 con turretdone ~3:16, middle half 2:41–3:35
    Builders
    • Zagreus3 Zagreus
    • Legion Construction Bot3 Legion Construction Bot

    Some games also: wind (50%) · con turret (50%) · Toxotai (39%) · wind for allies (35%) · Goblin (31%)

    By 2:43 in all: 4 mex · 4 wind

    The example game in this phase · 5 steps
    1. Legion Construction BotLegion Construction Bot
    2. ZagreusZagreus ×2
    3. Mex
    4. Legion Construction BotLegion Construction Bot
    5. ShipyardShipyarddone 2:34 · typical 3:16
  3. 3

    Shipyard to 5:00

    Economy
    • Metal Extractor4Mex
    • Wind Turbine2Wind
    Order
    1. Legion Bot LabEat Legion Bot Lab
    Builders
    • Construction Ship1 Con ship
    Army
    • Argonaut2 Argonaut
    • Syracusia1 Syracusia
    Other
    • Radar Tower1 Radar Tower

    Some games also: Pharos (50%) · Hippocampus (39%) · submarine (39%) · converter (37%)

    By 5:00 in all: 8 mex · 6 wind · 1 energy storage · 1 con turret

    The example game in this phase · 19 steps
    1. Construction ShipCon ship
    2. Mex
    3. Construction ShipCon ship
    4. Mex
    5. KeteaSubmarine
    6. IapetusIapetus
    7. Mex ×2
    8. SyracusiaSyracusiadone 4:25 · typical 5:32
    9. SthenoStheno
    10. PharosPharos
    11. Legion Bot LabEat Legion Bot Labreclaimed for its metal
    12. Wind
    13. Legion DroneLegion Drone
    14. DionysusDionysus
    15. Energy storage
    16. PharosPharos
    17. Radar TowerRadar Tower
    18. SthenoStheno
    19. Legion DroneLegion Drone
  4. 4

    5:00 to 10:00

    Economy
    • Metal Extractor2Mex
    • Wind Turbine12Wind
    • Energy Converter3Converter
    Order
    1. Geothermal PowerplantGeo after 9 mex, 8 wind, 1 solarin 52% of games
    Builders
    • Construction Turret1 Con turret
    • Dionysus1 Dionysus
    Army
    • Pharos2 Pharos
    • Legion Drone8 Legion Drone
    • Syracusia3 Syracusia
    • Argonaut3 Argonaut

    Some games also: con ship (48%) · Bramble (42%)

    By 10:00 in all: 10 mex · 18 wind · 1 geo · 5 converter · 1 energy storage · 2 con turret

    The example game in this phase · 155 steps
    1. KeteaSubmarine
    2. Naval Radar / Sonar TowerNaval Radar / Sonar Tower
    3. BrambleBramble
    4. SyracusiaSyracusia
    5. Wind
    6. Dragon's TeethDragon's Teeth
    7. Legion DroneLegion Drone
    8. DionysusDionysus
    9. Dragon's TeethDragon's Teeth ×2
    10. Wind
    11. Dragon's TeethDragon's Teeth ×2
    12. KeteaSubmarine
    13. Legion DroneLegion Drone
    14. Dragon's TeethDragon's Teeth ×3
    15. Wind
    16. Legion DroneLegion Drone
    17. Dragon's TeethDragon's Teeth
    18. SyracusiaSyracusia
    19. Dragon's TeethDragon's Teeth ×3
    20. Legion DroneLegion Drone
    21. Dragon's TeethDragon's Teeth
    22. Wind
    23. Legion DroneLegion Drone ×2
    24. IapetusIapetus
    25. Legion DroneLegion Drone
    26. Wind
    27. DionysusDionysus
    28. Legion DroneLegion Drone ×3
    29. KeteaSubmarine
    30. SthenoStheno
    31. Legion DroneLegion Drone
    32. Wind
    33. Legion DroneLegion Drone
    34. Wind
    35. Advanced Metal ExtractorT2 mexdone 10:22 · typical 9:19
    36. Legion DroneLegion Drone
    37. SyracusiaSyracusia
    38. Legion DroneLegion Drone
    39. Wind
    40. Legion DroneLegion Drone ×7
    41. DionysusDionysus
    42. Legion DroneLegion Drone
    43. Converter
    44. Legion DroneLegion Drone ×4
    45. IapetusIapetus
    46. Legion DroneLegion Drone
    47. Wind
    48. Legion DroneLegion Drone ×2
    49. KeteaSubmarine
    50. Wind ×2
    51. Legion DroneLegion Drone ×2
    52. Wind
    53. Legion DroneLegion Drone
    54. Converter
    55. Legion DroneLegion Drone
    56. SyracusiaSyracusia
    57. Wind
    58. Legion DroneLegion Drone ×2
    59. Advanced Metal ExtractorT2 mex
    60. Wind
    61. Legion DroneLegion Drone ×2
    62. Wind ×2
    63. Legion DroneLegion Drone ×2
    64. Wind
    65. Legion DroneLegion Drone ×2
    66. Converter
    67. Wind
    68. Legion DroneLegion Drone ×3
    69. IapetusIapetus
    70. Wind
    71. Legion DroneLegion Drone ×2
    72. Wind
    73. Legion DroneLegion Drone
    74. Wind
    75. Legion DroneLegion Drone ×2
    76. DionysusDionysus
    77. Converter
    78. Legion DroneLegion Drone ×2
    79. Advanced Metal ExtractorT2 mex
    80. Wind
    81. Legion DroneLegion Drone ×2
    82. KeteaSubmarine
    83. Wind
    84. Legion DroneLegion Drone ×2
    85. Wind
    86. Legion DroneLegion Drone
    87. Wind
    88. Legion DroneLegion Drone ×2
    89. Naval Construction Turret
    90. SyracusiaSyracusia
    91. Wind
    92. Legion DroneLegion Drone
    93. Converter
    94. Legion DroneLegion Drone ×2
    95. Wind
    96. Legion DroneLegion Drone ×2
    97. Wind
    98. Legion DroneLegion Drone ×2
    99. Wind
    100. Legion DroneLegion Drone
    101. Wind
    102. Legion DroneLegion Drone ×2
    103. Wind
    104. Naval Construction Turret
    105. Legion DroneLegion Drone
    106. Converter
    107. Legion DroneLegion Drone ×3
    108. DionysusDionysus
    109. Legion DroneLegion Drone
    110. Wind
    111. Legion DroneLegion Drone
    112. Naval Construction Turret
    113. Wind
    114. Legion DroneLegion Drone ×4
    115. Wind
    116. Naval Construction Turret
    117. Legion DroneLegion Drone
    118. KeteaSubmarine
    119. Wind
    120. Legion DroneLegion Drone
    121. Naval Construction Turret
    122. Converter
    123. SyracusiaSyracusia
    124. Legion DroneLegion Drone ×3
    125. Naval Construction Turret
    126. Wind
    127. Legion DroneLegion Drone
    128. Wind
    129. Advanced Metal ExtractorT2 mex
    130. Legion DroneLegion Drone
    131. Wind
    132. Legion DroneLegion Drone ×2
    133. Wind
    134. Legion DroneLegion Drone ×2
    135. Wind
    136. Legion DroneLegion Drone
    137. Naval Construction Turret
    138. Legion DroneLegion Drone
    139. Converter
    140. Legion DroneLegion Drone ×3
    141. OcteresOcteresnot finished by 15:00
    142. Wind
    143. Legion DroneLegion Drone ×3
    144. Wind
    145. Legion DroneLegion Drone
    146. Wind
    147. Legion DroneLegion Drone ×3
    148. Tidal
    149. Wind
    150. Legion DroneLegion Drone ×3
    151. Wind
    152. Legion DroneLegion Drone
    153. Converter
    154. Tidal
    155. Legion DroneLegion Drone ×2

Counts are medians over the build's games: half of them build more, half fewer. The example game is _X_'s (41 OS, 10/10/2026); pick another.

Team trades

IN AT LEAST 30% OF ITS GAMES

You hand over

  • Wind Turbine2 Wind to Airfirst at 1:43 · in 71% of games

You get

  • Finch1 Finch from Airfirst at 1:54 · in 60% of games
  • Hercules1 Light transport from Airfirst at 2:07 · in 44% of games
  • Advanced Construction Bot1 T2 con bot from Techfirst at 7:30 · in 76% of games

How it plays out

Typical game of this build, running totals by minute

Metal produced

010k20k30k
0:005:0010:0015:00

metal

Enemy metal destroyed

05k10k
0:005:0010:0015:00

metal

Own metal lost

02k4k6k
0:005:0010:0015:00

metal

62 games.

Show as table
ByMetal produced: This buildEnemy metal destroyed: This buildOwn metal lost: This build
1:0039500
2:0092800
3:00158400
4:002862020
5:00400714151
6:005382368122
7:006821653293
8:0084801476618
9:001020321361075
10:001218127191316
11:001471838851925
12:001776447562321
13:002035856932976
14:002344268464128
15:002727684014628
WHAT THE NUMBERS SAY

Standard sea opener with heavy early metal from eating the bot lab, but team still won well under half.

  • + Produces far more metal than enemy destroys by 5:00 (3995 vs 183).
  • − Team only won 41% of games despite the strong economy lead.
THE EXAMPLE YOU ARE READING

_X_

40.9 OS · 10/10/2026

Open source match ↗

2 received units · includes a constructor
86 metal received · 65824 energy received

Allied construction assistance is unknown. Timings are observations, not a promise of solo reproducibility.

Typical milestones

Legion Bot Lab1:12Middle 50%: 1:05–1:26 · n=61
Shipyard3:16Middle 50%: 2:41–3:35 · n=62
Syracusia5:32Middle 50%: 4:58–6:11 · n=62
Geothermal Powerplant7:37Middle 50%: 6:54–9:04 · n=40
Advanced Metal Extractor9:19Middle 50%: 8:34–9:47 · n=45

Played most by

KingBenjai9games of this buildsirniho9games of this buildRysica5games of this buildJesterB4games of this buildQwertylololo4games of this build